Unix NetHack Version 3.7.0-65 Work-in-progress - last build Sep 26 2022 05:48:34 (a9070be95fe145525c880ceec589f5104d392f49,branch:master). Game began 2022-09-25 21:06:51, ended 2022-09-26 22:33:55. peterg, chaotic male elven Priest ----- ##....| ------------ # |...| |..........| ########-...| |....>......#####@q###)o#####o################ ## |..<| |..........| #------------- # ----- |........... *##.C.........C|### ------------ ##|%....C.....-# #|*..-----...| #|...|.{.....| |..C.{.{|C..| |...|.{.|...| |...-----...| |.....C.....| |C.........C| ------------- Peterg the Adept St:12 Dx:10 Co:14 In:13 Wi:20 Ch:9 Chaotic S:6447 Dlvl:8 $:302 HP:0(46) Pw:112(112) AC:-7 Xp:8/1431 T:5351 Latest messages: The cave spider misses! You miss the cave spider. The cave spider misses! You kill the cave spider! You see here a cave spider corpse. There is a cave spider corpse here; eat it? [ynq] (n) This cave spider corpse tastes okay. You finish eating the cave spider corpse. The Uruk-hai wields a crude bow! You stumble into a spider web! You are stuck to the web. The Uruk-hai shoots 2 poisoned crude arrows! It is missed. The 1st poisoned crude arrow misses you. The mumak is hit. You disentangle yourself. z - a poisoned crude arrow. You miss the mumak. The Uruk-hai shoots 2 poisoned crude arrows! The 1st poisoned crude arrow hits the mumak! The 2nd poisoned crude arrow hits the mumak. The mumak butts! The mumak bites! The Uruk-hai shoots 2 poisoned crude arrows! It is missed. The 1st poisoned crude arrow misses you. It is missed. The 2nd poisoned crude arrow misses you. z - 2 poisoned crude arrows (3 in total). What do you want to zap? [qIN or ?*] In what direction? The wand misses the mumak. The wand hits the Uruk-hai! You stumble into a spider web! You are stuck to the web. The mumak misses! The mumak misses! You disentangle yourself. The Uruk-hai shoots 2 poisoned crude arrows! The 1st poisoned crude arrow misses the mumak. The 1st poisoned crude arrow misses you. The 2nd poisoned crude arrow misses the mumak. The 2nd poisoned crude arrow misses you. The mumak butts! You die... Do you want your possessions identified? [ynq] (y) Do you want to see your attributes? [ynq] (y) Do you want an account of creatures vanquished? [ynaq] (y) Do you want to see your conduct and achievements? [ynq] (y) Do you want to see the dungeon overview? [ynq] (y) Inventory: Coins $ - 302 gold pieces Weapons Z - 3 +0 elven arrows z - 3 poisoned +0 orcish arrows d - a +1 elven bow G - a +0 dart (at the ready) J - a +0 dagger e - a +1 elven dagger B - a +0 elven dagger V - a blessed +1 orcish dagger p - 3 +0 orcish daggers f - a cursed +1 elven short sword a - a blessed +1 mace (weapon in hand) Armor m - a +0 elven leather helm o - a blessed rusty +1 orcish helm (being worn) s - a burnt +0 pair of leather gloves (being worn) g - a +0 pair of high boots (being worn) c - a +0 small shield (being worn) v - a +0 oilskin cloak u - a +0 robe (being worn) k - a blessed greased +2 gray dragon scale mail (being worn) Comestibles W - 2 tripe rations K - 6 lichen corpses x - a lizard corpse Scrolls X - a scroll of identify Rings y - a ring of conflict S - a ring of levitation Wands q - a wand of fire (0:3) N - a wand of secret door detection (0:14) I - a wand of striking (0:2) Tools b - a sack containing 4 items i - a leather drum l - a lock pick h - a blessed oil lamp t - a towel Contents of the sack: 11 gold pieces 3 raspberries a clove of garlic a sprig of wolfsbane Peterg the Priest's attributes: Background: You were an Adept, a level 8 elven Priest. You were chaotic, on a mission for Anshar who was opposed by Anu (lawful) and Ishtar (neutral). You were in the Dungeons of Doom, on level 8. You entered the dungeon 5351 turns ago. It was nighttime. There was a new moon in effect when your adventure ended. You had 1431 experience points, 1129 more were needed to attain level 9. Your score was 6447 before end-of-game adjustments. Basics: You had 0 out of 46 hit points. You had all 112 energy points (spell power). Your armor class was -7. Your wallet contained 302 zorkmids. Autopickup was on for '$' plus thrown. Final Characteristics: Your strength was 12 (limit:18). Your dexterity was 10 (limit:18). Your constitution was 14 (limit:16). Your intelligence was 13 (limit:20). Your wisdom was 20 (limit:20). Your charisma was 9 (limit:18). Final Status: You were not hungry. You were unencumbered. You were wielding a mace. You had basic skill with mace and could have enhanced that. Final Attributes: You were piously aligned. You were magic-protected. You were sleep resistant. You were telepathic. You had infravision. You aggravated monsters. You were guarded. You were unlucky. You are dead. Miscellaneous: You never encountered a bones level. Total elapsed playing time was 1 hour and 5 minutes. Major events: Turn 1: peterg the chaotic elven Priest entered the dungeon 103: made his first wish - "+2 greased blessed fixed gray dragon scale mail", got "a blessed greased gray dragon scale mail" 515: entered the Gnomish Mines 1429: attained the rank of Acolyte (level 3) 3284: attained the rank of Adept (level 6) 4708: wished for "lizard corpse", got "a lizard corpse" 4912: entered Sokoban 5351: killed by a mumak Vanquished creatures: an elven monarch 4 small mimics a human mummy a giant beetle a cockatrice a baby long worm 2 gold golems a lizard 2 jaguars a dust vortex 2 bugbears 3 rock piercers 2 rock moles a pony 2 violet fungi 2 gnome leaders a gnomish wizard 2 kobold mummies a golden naga hatchling 2 giant ants 4 floating eyes a dwarf a homunculus a kobold leader 2 kobold shamans 3 hill orcs 4 rothes 2 iguanas 4 killer bees 2 coyotes a hobbit a manes a large kobold 5 hobgoblins 2 giant rats a cave spider 2 yellow molds a green mold a red mold 2 gnomes a garter snake a gecko 7 jackals a kobold 5 goblins 5 grid bugs 9 lichens a kobold zombie 6 newts 110 creatures vanquished. No species were genocided or became extinct. Voluntary challenges: You read items or engraved 7 times. You engraved Elbereth 3 times. You never genocided any monsters. You never polymorphed an object. You never changed form. You used 2 wishes. You did not wish for any artifacts. You did not violate any of the special Sokoban rules. Achievements: You entered the Gnomish Mines. You entered a shop. You attained the rank of Acolyte. You attained the rank of Adept. You entered Sokoban. The Dungeons of Doom: levels 1 to 9 Level 1: A fountain. Level 2: A fountain. Stairs down to The Gnomish Mines. Level 3: A weapon shop, a fountain, a grave. Level 4: Some fountains. Level 5: An armor shop, some fountains. Level 6: "vault" Level 7: A general store, some graves. Level 8: <- You were here. Many fountains. Final resting place for you, killed by a mumak. Level 9: A throne, a fountain. Stairs up to Sokoban, level 8. The Gnomish Mines: Level 3: Sokoban: Level 8: Unsolved. Game over: ---------- / \ / REST \ / IN \ / PEACE \ / \ | peterg | | 313 Au | | killed by a | | mumak | | | | | | 2022 | *| * * * | * _________)/\\_//(\/(/\)/\//\/|_)_______ Goodbye peterg the Priest... You died in The Dungeons of Doom on dungeon level 8 with 6416 points, and 313 pieces of gold, after 5351 moves. You were level 8 with a maximum of 46 hit points when you died.